 Dungeon Crawl Stone Soup version 0.28-a0-957-g42eb19b844 (webtiles) character file.

Game seed: 18088575535433638865

784 ragingrage the Spear-Bearer (level 7, 0/50 HPs)
             Began as a Merfolk Delver on Nov 30, 2021.
             Slain by an ogre (18 damage)
             ... on level 5 of the Dungeon.
             The game lasted 00:05:28 (4231 turns).

ragingrage the Spear-Bearer (Merfolk Delver)        Turns: 4231, Time: 00:05:29

Health: 0/50       AC: 10    Str: 17    XL:     7   Next: 86%
Magic:  7/7        EV:  8    Int: 13    God:
Gold:   302        SH: 11    Dex: 17    Spells: 6/6 levels left

rFire   + . .      SeeInvis .   n - +8 short sword of the Ship {vorpal, rF+ rN+}
rCold   + . .      Faith    .   v - +0 tower shield
rNeg    + . .      Spirit   .   o - +3 leather armour "Bijuec" {rElec rCorr Str+2 Int+4}
rPois   .          Reflect  .   a - +0 helmet
rElec   +          Harm     .   k - scarf {repulsion}
rCorr   +          Rampage  .   (no gloves)
Will    .....                   (no boots)
Stlth   +++.......              (no amulet)
HPRegen 0.16/turn               t - ring of protection from cold
MPRegen 0.10/turn               (no ring)

@: repel missiles
A: (nimble swimmer 2), mertail, iridescent scales 1, agile 1, frail 1, shaggy
fur 1, devolution 1
a: no special abilities


You were on level 5 of the Dungeon.
You visited 1 branch of the dungeon, and saw 7 of its levels.
You also visited: Sewer.

You collected 302 gold pieces.

Inventory:

Hand Weapons
 i - a +0 trident
 n - the +8 short sword of the Ship (weapon) {vorpal, rF+ rN+}
   (You found it on level 4 of the Dungeon)

   It inflicts extra damage upon your enemies.
   rF:        It protects you from fire.
   rN:        It protects you from negative energy.
Missiles
 s - 5 javelins
 w - 15 poisoned darts (quivered)
Armour
 a - a +0 helmet (worn)
 k - a scarf of repulsion (worn)
 o - the +3 leather armour "Bijuec" (worn) {rElec rCorr Str+2 Int+4}
   (You found it on level 4 of the Dungeon)

   Str:       It affects your strength (+2).
   Int:       It affects your intelligence (+4).
   rElec:     It insulates you from electricity.
   rCorr:     It protects you from acid and corrosion.
 v - a +0 tower shield (worn)
Jewellery
 t - a ring of protection from cold (left hand)
Wands
 g - a wand of digging (10)
Scrolls
 b - a scroll of enchant armour {unknown}
 c - a scroll of fog
 d - 2 scrolls of magic mapping
 e - 2 scrolls of fear
 u - a scroll of acquirement {unknown}
 x - 2 scrolls of teleportation {unknown}
 y - 2 scrolls of identify {unknown}
Potions
 f - a potion of haste
 h - a potion of resistance {unknown}
 j - a potion of brilliance {unknown}
 l - 2 potions of cancellation {unknown}
 m - a potion of mutation
 p - a potion of curing {unknown}
 q - 2 potions of invisibility {unknown}
 r - a potion of heal wounds
 z - a potion of berserk rage {unknown}
 A - a potion of lignification {unknown}
 B - a potion of attraction {unknown}


   Skills:
 + Level 5.4 Fighting
 * Level 10.8 Polearms
 + Level 3.3 Dodging
 - Level 5.4 Stealth


You had 6 spell levels left.
You didn't know any spells.
Your spell library was empty.

Dungeon Overview and Level Annotations

Branches:
Dungeon (7/15)              Sewer (visited)
 Temple: D:4-7

Altars:
Makhleb
Trog

Annotations:
D:4 Dowan, Duvessa


Innate Abilities, Weirdness & Mutations

((You are quick and stealthy near water. (Stealth+, EV+, Speed+++)))
Your lower body shifts to a powerful aquatic tail in water.
You are partially covered in iridescent scales. (AC +2)
You are agile. (Dex +2)
You are frail. (-10% HP)
You are covered in fur. (AC +1)
You have hidden genetic defects.


Message History

Orders for allies: a - Attack new target. r - Retreat! s - Stop attacking. g - Guard the area. f - Follow me.
Anything else - Cancel.
You shout for attention!
There is a stone staircase leading down here.
You climb downwards.
There is a stone staircase leading up here.
Unknown command.
B - a bubbling white potion You feel a genetic drift.
You feel frail.
An ogre comes into view. It is wielding a +0 giant club.
The ogre shouts!
The ogre hits you but does no damage. You block the iguana's attack.
You closely miss the iguana.
The iguana bites you but does no damage.
The ogre hits you with a +0 giant club.
The iguana bites you but does no damage.
You hit the iguana.
The iguana is lightly wounded.
The ogre hits you with a +0 giant club! The iguana misses you.
You puncture the iguana!
You kill the iguana!
The ogre hits you with a +0 giant club! You block the ogre's attack.
Your life force feels restored.
Unknown command.
Throw: 17 darts (poison)
Press: ? - help, Q - select action, (/) - cycle Shift-Dir - straight line, f - ogre
Aim: an ogre, wielding a +0 giant club (75% to hit)
You throw a poisoned dart.
The poisoned dart barely misses the ogre.
The ogre closely misses you.
Throw: 16 darts (poison)
Press: ? - help, Q - select action, (/) - cycle Shift-Dir - straight line, f/p - ogre
Aim: an ogre, wielding a +0 giant club (75% to hit)
You throw a poisoned dart. The poisoned dart hits the ogre.
The ogre is poisoned.
The ogre hits you with a +0 giant club!!
You die...

..##...........## #.#
...............# #.#
...............######.#
...........##.#.....#.#
.......#...##+#.###.#.#
.......#........#<#.#.#
.>...###........#.#.#.#
.....# #...)....#...#.#
.....###.......O@..(..#
...............########
.....................#
...............#####.#
...#......#......†O#.#
...#......####.###.#.###.#
####......# #.#.........#
######## #.#####.##### #..
..#


You could see an ogre (poisoned).

Vanquished Creatures
  Pargi (Sewer)
  A black bear (D:4)
  An ogre (D:3)
  2 bullfrogs
  2 hounds (D:4)
  2 orc priests (D:3)
  A bullfrog skeleton (D:5)
  An iguana (D:5)
  An orc wizard (D:3)
  Natasha (D:2)
  A hound skeleton (D:5)
  Robin (D:2)
  6 adders
  2 adder skeletons (D:4)
  2 worms
  A dart slug (D:2)
  3 orcs (D:3)
  8 ball pythons
  4 bats
  5 endoplasms
  4 giant cockroaches
  14 goblins
  9 hobgoblins
  2 jackals (Sewer)
  4 quokkas (D:3)
  7 frilled lizards
  4 kobolds
  5 rats
95 creatures vanquished.

Notes
Turn   | Place    | Note
-------+----------+-------------------------------------------
     0 | D:5      | ragingrage the Merfolk Delver began the quest for the Orb.
     0 | D:5      | Reached XP level 1. HP: 18/18 MP: 1/1
    19 | D:5      | Noticed an iguana
    65 | D:7      | Noticed a bullfrog
    77 | D:6      | Killed a bullfrog
    78 | D:6      | Reached skill level 6 in Polearms
    78 | D:6      | Reached XP level 2. HP: 14/24 MP: 2/2
    78 | D:6      | Reached XP level 3. HP: 17/29 MP: 3/3
    78 | D:6      | Reached XP level 4. HP: 20/35 MP: 4/4
   394 | D:5      | Found a bloodstained altar of Trog.
   499 | D:5      | Noticed a scorpion
   534 | D:5      | Reached skill level 7 in Polearms
   640 | D:5      | Noticed an orc warrior
   734 | D:4      | Identified the +8 short sword of the Ship {vorpal, rF+ rN+}
   758 | D:4      | Found a burning altar of Makhleb.
   768 | D:4      | Reached XP level 5. HP: 31/41 MP: 5/5
   993 | D:4      | Identified the +3 leather armour "Bijuec" {rElec rCorr
                  | Str+2 Int+4}
  1119 | D:3      | Noticed an ogre
  1212 | D:3      | Found a glowing drain.
  1227 | Sewer    | Entered a sewer
  1340 | Sewer    | Noticed Pargi
  1352 | Sewer    | Killed Pargi
  1353 | Sewer    | Reached skill level 8 in Polearms
  1353 | Sewer    | Reached XP level 6. HP: 43/48 MP: 6/6
  1935 | D:4      | Noticed a black bear
  2032 | D:3      | Reached skill level 9 in Polearms
  2106 | D:3      | Reached XP level 7. HP: 50/55 MP: 7/7
  2270 | D:2      | Noticed Robin
  2356 | D:2      | Killed Robin
  2410 | D:2      | Found a faded altar of an unknown god.
  2633 | D:1      | Reached skill level 10 in Polearms
  3272 | D:2      | Noticed Natasha
  3278 | D:2      | Killed Natasha
  3564 | D:3      | Reached skill level 5 in Fighting
  3826 | D:4      | Noticed Dowan
  3828 | D:4      | Noticed Duvessa
  3856 | D:3      | HP: 2/51 [poisoned by an adder]
  3857 | D:3      | Gained mutation: You have hidden genetic defects. [potion
                  | of mutation]
  3857 | D:3      | Gained mutation: You are agile. (Dex +2) [potion of
                  | mutation]
  3857 | D:3      | Gained mutation: You are covered in fur. (AC +1) [potion of
                  | mutation]
  3857 | D:3      | Gained mutation: You are partially covered in iridescent
                  | scales. (AC +2) [potion of mutation]
  4206 | D:5      | Gained mutation: You are frail. (-10% HP) [hidden defects]
  4231 | D:5      | Slain by an ogre

Illustrated notes

Levels and vault maps discovered:
D:1:      dpeg_arrival_refuge, layout_loops_ring, serial_bayou_lagoon_b
D:2:      layout_rooms, nicolae_ecumenical_oubliette, uniq_natasha, uniq_robin
D:3:      layout_basic, portal_sewer_entry_f, wad_floor_pattern_1
D:4:      layout_layer_cave, okawaru_altar_gauntlet_db,
          mainiacjoe_overflow_surrounded_room, minmay_diced_spiral, uniq_duvessa
D:5:      layout_basic, old_standard_altar, gammafunk_ghost_gnarly_gnolls,
          nicolae_figureground_sparkle
D:6:      layout_basic, eat_drink_and_be_merry_uskayaw, doesnt_xom_only_xom,
          fedhas_altar_decomposition, lemuel_doored_altar,
          minmay_temple_entry_statues_fountains
D:7:      layout_loops_corners, gammafunk_temple_overflow_forgotten,
          minivault_11, minmay_tree_intersection

Skill      XL: |  1  2  3  4  5  6  7 |
---------------+----------------------+-----
Polearms       | 6 7 8 9 10 | 10.8
Fighting       | 4 5 |  5.4
Dodging        | 3 |  3.3
Stealth        | |  5.4

Action                   |  1- 3 |  4- 6 |  7- 9 || total
-------------------------+-------+-------+-------++-------
Melee: Trident           |     7 |    21 |       ||    28
       Short sword       |       |    69 |   115 ||   184
       Tailslap          |       |     1 |       ||     1
Throw: Javelin           |       |     8 |       ||     8
       Dart              |       |       |     2 ||     2
  Use: Potion            |       |       |     3 ||     3
 Stab: Sleeping          |       |     3 |    11 ||    14
Armor: Leather armour    |     1 |    24 |    68 ||    93
Dodge: Dodged            |     9 |    66 |    39 ||   114
       Repelled          |       |     2 |     1 ||     3
Block: Tower shield      |       |       |    75 ||    75

Table legend: (Time is in decaauts)
 A = Elapsed time spent in this place.
 B = Non-inter-level travel time spent in this place.
 C = Inter-level travel time spent in this place.
 D = Time resting spent in this place.
 E = Time spent auto-exploring this place.
 F = Levels seen in this place.
 G = Mean time per level.
                   A        B        C        D        E       F      G
               +--------+--------+--------+--------+--------+-----+--------+
         Total |   4277 |   4011 |    266 |   1126 |   1821 |   8 |  534.6 |
       Dungeon |   4078 |   3812 |    266 |   1126 |   1684 |   7 |  582.6 |
         Sewer |    198 |    198 |      0 |      0 |    137 |   1 |  198.0 |
               +--------+--------+--------+--------+--------+-----+--------+

Top non-repeatable levels by time:
     D:4: 1209 daAuts
     D:3: 1060 daAuts
     D:2: 590 daAuts
     D:1: 533 daAuts
     D:5: 421 daAuts
     D:6: 247 daAuts
   Sewer: 198 daAuts
     D:7: 16 daAuts
